WCHLSIM.com - West Coast Hockey League
html PUBLIC "-//W3C//DTD XHTML 1.0 Transitional//EN" "http://www.w3.org/TR/xhtml1/DTD/xhtml1-transitional.dtd"> WCHL - Game 263 - OAKLAND GORILLAS vs SACRAMENTO BANDITS

OAKLAND GORILLAS vs SACRAMENTO BANDITS

Created - 12 novembre 2019 at 17:15

Goals
1 2 3 T
OAKLAND GORILLAS 1 0 0 1
SACRAMENTO BANDITS 2 0 0 2
Shots
1 2 3 T
OAKLAND GORILLAS 13 7 8 28
SACRAMENTO BANDITS 5 6 8 19

1st period

1. OAKLAND GORILLAS , Cedric Paquette 1 (Jakob Chychrun 4, Jimmy Vesey 5) at 2:16 (PP)
2. SACRAMENTO BANDITS , Antoine Roussel 2 (Scott Laughton 2, Mattias Ekholm 2) at 2:37
3. SACRAMENTO BANDITS , Jakub Voracek 6 (Claude Giroux 16, Vince Dunn 1) at 16:36

Penalties :
Ivan Provorov (SAC) for Holding (Minor) at 2:08, Mattias Ekholm (SAC) for Holding (Minor) at 4:11, Kevin Connauton (SAC) for Holding Stick (Minor) at 13:57, Mattias Ekholm (SAC) for High sticking (Minor) at 19:27

2nd period

No Goal

Penalties :
No Penalty

3rd period

No Goal

Penalties :
Mattias Ekholm (SAC) for Tripping (Minor) at 1:03, Cedric Paquette (OAK) for Tripping (Minor) at 3:47, Jamie Benn (SAC) for Hooking (Minor) at 16:01

Goalie Stats

Robin Lehner (OAK), 17 saves from 19 shots - (0,895), L, 5-11-1, 59:07 minutes
Andrei Vasilevskiy (SAC), 27 saves from 28 shots - (0,964), W, 10-4-1, 60:00 minutes

Players Stats for OAKLAND GORILLAS

Player Name              G  A  P  +/- PIM S  H  SB GA TA FO     MP     PP MP  PK MP  
------------------------------------------------------------------------------------
Brandon Dubinsky         0  0  0  -1  0   0  2  0  0  0  15/22  16:39   4:28   0:00 
Cedric Paquette          1  0  1   0  2   1  1  0  0  0  3/9     9:37   4:28   0:00 
Erik Gudbranson          0  0  0   0  0   0  0  1  0  0  0/0    18:17   5:35   0:56 
J.T. Compher             0  0  0  -1  0   8  0  1  0  0  1/1    19:43   5:35   1:13 
Jakob Chychrun           0  1  1   0  0   1  0  0  0  0  0/0    20:58   4:28   1:03 
Jimmy Vesey              0  1  1  -1  0   3  0  0  0  0  2/2    17:52   4:28   1:13 
John Moore               0  0  0  -1  0   0  2  1  0  0  0/0    22:16   4:15   1:03 
Jonas Brodin             0  0  0  -2  0   0  1  3  0  0  0/0    20:58   0:13   0:00 
Jordan Greenway          0  0  0   0  0   1  0  0  0  0  0/0     5:10   0:00   0:00 
Milan Lucic              0  0  0   0  0   2  1  0  0  0  1/2    18:08   5:35   0:46 
Nathan Beaulieu          0  0  0  -1  0   0  1  0  0  0  0/0    18:30   0:00   0:00 
Nico Hischier            0  0  0  -1  0   3  0  0  0  0  1/1    18:50   0:00   0:00 
Noel Acciari             0  0  0   0  0   3  0  0  0  0  6/12   11:47   0:00   0:00 
Patrik Laine             0  0  0  -1  0   1  2  0  0  0  5/19   18:50   0:00   0:00 
Ryan Dzingel             0  0  0  -1  0   3  3  0  0  0  1/1    18:06   0:00   0:00 
Ryan Hartman             0  0  0   0  0   0  0  0  0  0  0/0     5:10   0:00   0:00 
Samuel Girard            0  0  0   0  0   1  1  0  0  0  0/0    19:01   5:35   0:56 
Wayne Simmonds           0  0  0   0  0   1  0  0  0  0  2/8    18:08   5:35   0:46 

Players Stats for SACRAMENTO BANDITS

Player Name              G  A  P  +/- PIM S  H  SB GA TA FO     MP     PP MP  PK MP  
------------------------------------------------------------------------------------
Aaron Ekblad             0  0  0   1  0   0  2  2  0  0  0/0    20:07   0:50   5:46 
Aleksander Barkov        0  0  0   0  0   1  1  1  0  0  10/21  18:13   0:50   4:11 
Antoine Roussel          1  0  1   1  0   3  0  0  0  0  0/2     8:01   0:00   4:11 
Claude Giroux            0  1  1   1  0   1  2  0  0  0  15/24  21:36   1:09   0:00 
Clayton Keller           0  0  0   0  0   2  0  0  0  0  0/1    10:29   0:00   0:00 
Drake Caggiula           0  0  0   1  0   0  1  0  0  0  0/1     3:50   0:00   0:00 
Ivan Provorov            0  0  0   0  2   0  1  5  0  0  0/0    22:48   0:00   7:24 
Jakub Voracek            1  0  1   1  0   2  1  1  0  0  1/1    21:36   1:09   0:00 
Jamie Benn               0  0  0   0  2   0  1  0  0  0  0/0    14:01   0:50   0:00 
John Carlson             0  0  0   0  0   1  1  0  0  0  0/0    22:33   1:09   2:37 
Jonathan Huberdeau       0  0  0   1  0   2  1  0  0  0  1/2    21:36   1:09   0:00 
Jordan Martinook         0  0  0   0  0   4  1  0  0  0  4/11   16:21   0:00   5:52 
Jujhar Khaira            0  0  0   0  0   0  1  0  0  0  1/1    10:29   0:00   0:00 
Kevin Connauton          0  0  0   1  2   0  4  0  0  0  0/0    17:13   0:00   1:34 
Mattias Ekholm           0  1  1   1  6   1  0  0  0  0  0/0    20:44   1:09   2:45 
Nikolaj Ehlers           0  0  0   0  0   2  0  0  0  0  0/0    14:02   0:50   0:00 
Scott Laughton           0  1  1   1  0   0  0  0  0  0  8/13    9:42   0:00   5:52 
Vince Dunn               0  1  1   1  0   0  0  0  0  0  0/0    16:30   0:50   0:00 

3 Stars

1 - Andrei Vasilevskiy (SAC)
2 - Jakub Voracek (SAC)
3 - Antoine Roussel (SAC)

Power Play

OAKLAND GORILLAS - 1 on 6 Attempt(s) - 16,67%
SACRAMENTO BANDITS - 0 on 1 Attempt(s) - 0,00%

Penalty Kill

OAKLAND GORILLAS - 1 on 1 Attempt(s) - 100,00% - Score 0 goal in Penalty Kill
SACRAMENTO BANDITS - 5 on 6 Attempt(s) - 83,33% - Score 0 goal in Penalty Kill

Team Stat

OAKLAND GORILLAS - Hits : 14 - Faceoff Wins : 37 - Blocked Shots : 6 - Penalty Minutes : 2
SACRAMENTO BANDITS - Hits : 17 - Faceoff Wins : 40 - Blocked Shots : 9 - Penalty Minutes : 12

Official

Referees : Geoff Miller and Jon Mclsaac
Linesman : Jay Sharrers and Kory Nagy

Game Notes

No Game Note

Finance

Level 1 -- Attendance: 6205 (100,00%) -- Ticket Income 775 625 $
Level 2 -- Attendance: 5280 (100,00%) -- Ticket Income 422 400 $
Level 3 -- Attendance: 2135 (100,00%) -- Ticket Income 113 155 $
Level 4 -- Attendance: 4280 (100,00%) -- Ticket Income 158 360 $
Luxury Box -- Attendance: 1010 (100,00%) -- Ticket Income 252 500 $
Game was played at the Sacramento Center Palace.
Total Attendance: 18910 (100,00%)
Total Ticket Income: 1 722 040 $
Other Income: 516 612 $
Total Income: 2 238 652 $

OAKLAND GORILLAS

5 vs 5 Forward 
   Center                   Left Wing                Right Wing               Time % Phy DF OF 
 1 Patrik Laine             Nico Hischier            Ryan Dzingel             36     1   2  2  
 2 Brandon Dubinsky         Jimmy Vesey              J.T. Compher             31     1   2  2  
 3 Noel Acciari             Milan Lucic              Wayne Simmonds           23     1   2  2  
 4 Cedric Paquette          Jordan Greenway          Ryan Hartman             10     1   2  2  

5 vs 5 Defense 
   Defense                  Defense                                           Time % Phy DF OF 
 1 Nathan Beaulieu          Jonas Brodin                                      36     1   2  2  
 2 John Moore               Jakob Chychrun                                    31     1   2  2  
 3 Samuel Girard            Erik Gudbranson                                   23     1   2  2  
 4 Jonas Brodin             John Moore                                        10     1   2  2  

PowerPlay Forward 
   Center                   Left Wing                Right Wing               Time % Phy DF OF 
 1 Wayne Simmonds           J.T. Compher             Milan Lucic              55     1   2  2  
 2 Brandon Dubinsky         Cedric Paquette          Jimmy Vesey              45     1   2  2  

PowerPlay Defense
   Defense                  Defense                                           Time % Phy DF OF 
 1 Erik Gudbranson          Samuel Girard                                     55     1   2  2  
 2 John Moore               Jakob Chychrun                                    45     1   2  2  

Penalty Kill 4 Players Forward 
   Center                   Wing                     Time % Phy DF OF 
 1 Jimmy Vesey              J.T. Compher             55     1   2  2  
 2 Wayne Simmonds           Milan Lucic              45     1   2  2  

Penalty Kill 4 Players Defense
   Defense                  Defense                  Time % Phy DF OF 
 1 Samuel Girard            Erik Gudbranson          55     1   2  2  
 2 John Moore               Jakob Chychrun           45     1   2  2  

Penalty Kill - 3 Players Forward 
   Forward                                           Time % Phy DF OF 
 1 Jimmy Vesey                                       55     1   2  2  
 2 J.T. Compher                                      45     1   2  2  

Penalty Kill - 3 Players Defense
   Defense                  Defense                  Time % Phy DF OF 
 1 Samuel Girard            Erik Gudbranson          55     1   2  2  
 2 John Moore               Jakob Chychrun           45     1   2  2  

4 vs 4 Forward 
   Center                   Wing                     Time % Phy DF OF 
 1 Milan Lucic              J.T. Compher             55     1   2  2  
 2 Nico Hischier            Jimmy Vesey              45     1   2  2  

4 vs 4 Defense
   Defense                  Defense                  Time % Phy DF OF 
 1 Jonas Brodin             Samuel Girard            55     1   2  2  
 2 John Moore               Jakob Chychrun           45     1   2  2  

Last Minutes Offensive
   Center                   Left Wing                Right Wing               Defense                  Defense                  
   Patrik Laine             J.T. Compher             Nico Hischier            Nathan Beaulieu          Jonas Brodin             

Last Minutes Defensive
   Center                   Left Wing                Right Wing               Defense                  Defense                  
   Patrik Laine             J.T. Compher             Nico Hischier            Nathan Beaulieu          Jonas Brodin             

Goaltenders
Starting : Robin Lehner             
Backup : Louis Domingue           

Extra Forwards
Normal : Wayne Simmonds, Milan Lucic, Cedric Paquette - PP : Wayne Simmonds, Milan Lucic - PK : Cedric Paquette
Extra Defensemen
Normal : Samuel Girard, Erik Gudbranson, John Moore - PP : Samuel Girard - PK : Erik Gudbranson, John Moore
Penalty Shots
Cedric Paquette, J.T. Compher, Wayne Simmonds, Milan Lucic, Jimmy Vesey
Custom OT Lines Forwards
Patrik Laine, J.T. Compher, Nico Hischier, Ryan Dzingel, Jimmy Vesey, Wayne Simmonds, Milan Lucic, Brandon Dubinsky, Cedric Paquette, Jordan Greenway
Custom OT Lines Defensemen
Jonas Brodin, Erik Gudbranson, John Moore, Jakob Chychrun, Samuel Girard

Scratches
Jeremy Gregoire (Healthy), Emerson Etem (Healthy), P.K. Subban (Bruised Left Leg Injury), Zach O'Brien (Healthy), Evan Cormier (Healthy)

SACRAMENTO BANDITS

5 vs 5 Forward 
   Center                   Left Wing                Right Wing               Time % Phy DF OF 
 1 Claude Giroux            Jonathan Huberdeau       Jakub Voracek            38     0   2  3  
 2 Aleksander Barkov        Nikolaj Ehlers           Jamie Benn               30     0   2  3  
 3 Jordan Martinook         Jujhar Khaira            Clayton Keller           22     0   3  2  
 4 Scott Laughton           Antoine Roussel          Drake Caggiula           10     0   3  2  

5 vs 5 Defense 
   Defense                  Defense                                           Time % Phy DF OF 
 1 John Carlson             Ivan Provorov                                     40     0   2  3  
 2 Aaron Ekblad             Mattias Ekholm                                    35     0   2  3  
 3 Vince Dunn               Kevin Connauton                                   25     1   4  0  
 4 John Carlson             Mattias Ekholm                                    0      1   2  2  

PowerPlay Forward 
   Center                   Left Wing                Right Wing               Time % Phy DF OF 
 1 Claude Giroux            Jonathan Huberdeau       Jakub Voracek            51     0   0  5  
 2 Aleksander Barkov        Nikolaj Ehlers           Jamie Benn               49     0   0  5  

PowerPlay Defense
   Defense                  Defense                                           Time % Phy DF OF 
 1 John Carlson             Mattias Ekholm                                    57     0   0  5  
 2 Aaron Ekblad             Vince Dunn                                        43     0   0  5  

Penalty Kill 4 Players Forward 
   Center                   Wing                     Time % Phy DF OF 
 1 Scott Laughton           Jordan Martinook         55     0   5  0  
 2 Aleksander Barkov        Antoine Roussel          45     0   5  0  

Penalty Kill 4 Players Defense
   Defense                  Defense                  Time % Phy DF OF 
 1 Mattias Ekholm           Ivan Provorov            55     0   5  0  
 2 Aaron Ekblad             John Carlson             45     0   5  0  

Penalty Kill - 3 Players Forward 
   Forward                                           Time % Phy DF OF 
 1 Jordan Martinook                                  55     0   5  0  
 2 Jamie Benn                                        45     0   5  0  

Penalty Kill - 3 Players Defense
   Defense                  Defense                  Time % Phy DF OF 
 1 Kevin Connauton          Vince Dunn               55     0   5  0  
 2 Aaron Ekblad             Mattias Ekholm           45     0   5  0  

4 vs 4 Forward 
   Center                   Wing                     Time % Phy DF OF 
 1 Jordan Martinook         Clayton Keller           55     0   2  3  
 2 Jujhar Khaira            Scott Laughton           45     0   2  3  

4 vs 4 Defense
   Defense                  Defense                  Time % Phy DF OF 
 1 Kevin Connauton          Vince Dunn               55     0   2  3  
 2 John Carlson             Mattias Ekholm           45     0   2  3  

Last Minutes Offensive
   Center                   Left Wing                Right Wing               Defense                  Defense                  
   Aleksander Barkov        Claude Giroux            Jakub Voracek            John Carlson             Aaron Ekblad             

Last Minutes Defensive
   Center                   Left Wing                Right Wing               Defense                  Defense                  
   Aleksander Barkov        Jordan Martinook         Claude Giroux            John Carlson             Aaron Ekblad             

Goaltenders
Starting : Andrei Vasilevskiy       
Backup : Ryan Miller              

Extra Forwards
Normal : Clayton Keller, Aleksander Barkov, Claude Giroux - PP : Clayton Keller, Jordan Martinook - PK : Aleksander Barkov
Extra Defensemen
Normal : Vince Dunn, Kevin Connauton, Aaron Ekblad - PP : John Carlson - PK : Aaron Ekblad, Mattias Ekholm
Penalty Shots
Aleksander Barkov, Jonathan Huberdeau, Claude Giroux, Jakub Voracek, Jamie Benn
Custom OT Lines Forwards
Claude Giroux, Jonathan Huberdeau, Jakub Voracek, Aleksander Barkov, Jamie Benn, Scott Laughton, Nikolaj Ehlers, Jujhar Khaira, Clayton Keller, Jordan Martinook
Custom OT Lines Defensemen
John Carlson, Aaron Ekblad, Vince Dunn, Mattias Ekholm, Kevin Connauton

Scratches
None


% Time on Ice - OAKLAND GORILLAS

Lines # - Real PCT - Wanted PCT - Time Play
Normal Forward
1 - 38% - 36% - 18:06
2 - 26% - 31% - 12:11
3 - 25% - 23% - 11:47
4 - 11% - 10% - 5:10
Normal Defense
1 - 39% - 36% - 18:30
2 - 32% - 31% - 14:54
3 - 25% - 23% - 11:46
4 - 4% - 10% - 2:04
PP Forward
1 - 56% - 55% - 5:35
2 - 44% - 45% - 4:28
PP Defense
1 - 56% - 55% - 5:35
2 - 44% - 45% - 4:28
PK Forward
1 - 61% - 55% - 1:13
2 - 39% - 45% - 0:46
PK Defense
1 - 47% - 55% - 0:56
2 - 53% - 45% - 1:03
PK3 Forward
1 - 0% - 55%
2 - 0% - 45%
PK3 Defense
1 - 0% - 55%
2 - 0% - 45%
44 Forward
1 - 0% - 55%
2 - 0% - 45%
44 Defense
1 - 0% - 55%
2 - 0% - 45%
Last Minute Offensive  - 0:44
Last Minute Defensive  - 0:00
Total
Forward - 60:00
Defense - 60:00

% Time on Ice - SACRAMENTO BANDITS

Lines # - Real PCT - Wanted PCT - Time Play
Normal Forward
1 - 43% - 38% - 20:27
2 - 28% - 30% - 13:12
3 - 22% - 22% - 10:29
4 - 8% - 10% - 3:50
Normal Defense
1 - 32% - 40% - 15:25
2 - 28% - 35% - 13:31
3 - 33% - 25% - 15:40
4 - 7% - 0% - 3:22
PP Forward
1 - 58% - 51% - 1:09
2 - 42% - 49% - 0:50
PP Defense
1 - 58% - 57% - 1:09
2 - 42% - 43% - 0:50
PK Forward
1 - 58% - 55% - 5:52
2 - 42% - 45% - 4:11
PK Defense
1 - 74% - 55% - 7:26
2 - 26% - 45% - 2:37
PK3 Forward
1 - 0% - 55%
2 - 0% - 45%
PK3 Defense
1 - 0% - 55%
2 - 0% - 45%
44 Forward
1 - 0% - 55%
2 - 0% - 45%
44 Defense
1 - 0% - 55%
2 - 0% - 45%
Last Minute Offensive  - 0:00
Last Minute Defensive  - 0:00
Total
Forward - 60:00
Defense - 60:00

Play-by-Play

1st period


0:01 of 1st period - Claude Giroux wins face-off versus Patrik Laine in neutral zone.
1:38 of 1st period - Shot by J.T. Compher.
1:38 of 1st period - Stopped by Andrei Vasilevskiy without a rebound.
1:39 of 1st period - Jujhar Khaira wins face-off versus Noel Acciari in SACRAMENTO BANDITS zone.
2:02 of 1st period - Wayne Simmonds is hit by Kevin Connauton and loses puck.
2:07 of 1st period - Shot by Wayne Simmonds.
2:07 of 1st period - Deflect By Noel Acciari.
2:07 of 1st period - Stopped by Andrei Vasilevskiy without a rebound.
2:08 of 1st period - Cedric Paquette wins face-off versus Drake Caggiula in SACRAMENTO BANDITS zone.
2:08 of 1st period - Minor Penalty to Ivan Provorov for Holding.
2:09 of 1st period - Brandon Dubinsky wins face-off versus Scott Laughton in SACRAMENTO BANDITS zone.
2:12 of 1st period - Shot by Cedric Paquette.
2:12 of 1st period - Shot Blocked by Aaron Ekblad.
2:14 of 1st period - Shot by Jakob Chychrun.
2:14 of 1st period - Shot Misses the Net.
2:16 of 1st period - Shot by Cedric Paquette.
2:16 of 1st period - Goal by Cedric Paquette - OAKLAND GORILLAS : 1 - SACRAMENTO BANDITS : 0.
2:17 of 1st period - Brandon Dubinsky wins face-off versus Scott Laughton in neutral zone.
2:19 of 1st period - J.T. Compher is hit by Aaron Ekblad and loses puck.
2:31 of 1st period - Shot by Aaron Ekblad.
2:31 of 1st period - Shot Misses the Net.
2:33 of 1st period - Shot by Mattias Ekholm.
2:33 of 1st period - Shot Blocked by John Moore.
2:35 of 1st period - Shot by Scott Laughton.
2:35 of 1st period - Shot Blocked by Jonas Brodin.
2:37 of 1st period - Shot by Antoine Roussel.
2:37 of 1st period - Goal by Antoine Roussel - OAKLAND GORILLAS : 1 - SACRAMENTO BANDITS : 1.
2:38 of 1st period - Jordan Martinook wins face-off versus Cedric Paquette in neutral zone.
3:02 of 1st period - Shot by Clayton Keller.
3:02 of 1st period - Shot Misses the Net.
3:12 of 1st period - Shot by Jordan Martinook.
3:12 of 1st period - Stopped by Robin Lehner without a rebound.
3:13 of 1st period - Claude Giroux wins face-off versus Wayne Simmonds in OAKLAND GORILLAS zone.
3:13 of 1st period - Jonathan Huberdeau is hit by John Moore and loses puck.
3:29 of 1st period - Icing by Jonathan Huberdeau.
3:30 of 1st period - Claude Giroux wins face-off versus Brandon Dubinsky in SACRAMENTO BANDITS zone.
3:30 of 1st period - Claude Giroux is hit by Brandon Dubinsky.
4:04 of 1st period - Shot by J.T. Compher.
4:04 of 1st period - Stopped by Andrei Vasilevskiy without a rebound.
4:05 of 1st period - Aleksander Barkov wins face-off versus Patrik Laine in SACRAMENTO BANDITS zone.
4:11 of 1st period - Minor Penalty to Mattias Ekholm for Holding.
4:12 of 1st period - Scott Laughton wins face-off versus Wayne Simmonds in SACRAMENTO BANDITS zone.
4:12 of 1st period - Scott Laughton is hit by Milan Lucic.
4:34 of 1st period - Shot by J.T. Compher.
4:34 of 1st period - Shot Blocked by Ivan Provorov.
4:50 of 1st period - Shot by Wayne Simmonds.
4:50 of 1st period - Shot Misses the Net.
4:52 of 1st period - Shot by Milan Lucic.
4:52 of 1st period - Stopped by Andrei Vasilevskiy without a rebound.
4:53 of 1st period - Aleksander Barkov wins face-off versus Brandon Dubinsky in SACRAMENTO BANDITS zone.
5:04 of 1st period - Off-side.
5:05 of 1st period - Brandon Dubinsky wins face-off versus Aleksander Barkov in neutral zone.
6:23 of 1st period - Shot by Nico Hischier.
6:23 of 1st period - Stopped by Andrei Vasilevskiy without a rebound.
6:24 of 1st period - Claude Giroux wins face-off versus Patrik Laine in SACRAMENTO BANDITS zone.
6:24 of 1st period - Jonathan Huberdeau is hit by Ryan Dzingel and loses puck.
7:11 of 1st period - Icing by Mattias Ekholm.
7:12 of 1st period - Claude Giroux wins face-off versus Noel Acciari in SACRAMENTO BANDITS zone.
9:22 of 1st period - Icing by Erik Gudbranson.
9:23 of 1st period - Scott Laughton wins face-off versus Brandon Dubinsky in OAKLAND GORILLAS zone.
9:28 of 1st period - Shot by Antoine Roussel.
9:28 of 1st period - Stopped by Robin Lehner with a rebound.
9:46 of 1st period - Shot by Brandon Dubinsky.
9:46 of 1st period - Deflect By J.T. Compher.
9:46 of 1st period - Stopped by Andrei Vasilevskiy without a rebound.
9:47 of 1st period - Patrik Laine wins face-off versus Claude Giroux in SACRAMENTO BANDITS zone.
9:47 of 1st period - Patrik Laine is hit by Kevin Connauton.
10:09 of 1st period - Shot by Jonathan Huberdeau.
10:09 of 1st period - Shot Blocked by Jonas Brodin.
12:06 of 1st period - Shot by Jimmy Vesey.
12:06 of 1st period - Shot Misses the Net.
12:08 of 1st period - Shot by J.T. Compher.
12:08 of 1st period - Deflect By Jimmy Vesey.
12:08 of 1st period - Shot Misses the Net.
12:10 of 1st period - Shot by Brandon Dubinsky.
12:10 of 1st period - Shot Misses the Net.
13:24 of 1st period - Icing by Kevin Connauton.
13:25 of 1st period - Noel Acciari wins face-off versus Claude Giroux in SACRAMENTO BANDITS zone.
13:26 of 1st period - Shot by Samuel Girard.
13:26 of 1st period - Stopped by Andrei Vasilevskiy without a rebound.
13:27 of 1st period - Claude Giroux wins face-off versus Noel Acciari in SACRAMENTO BANDITS zone.
13:34 of 1st period - Erik Gudbranson is hit by Claude Giroux and loses puck.
13:42 of 1st period - Noel Acciari is hit by Kevin Connauton and loses puck.
13:57 of 1st period - Shot by Noel Acciari.
13:57 of 1st period - Stopped by Andrei Vasilevskiy without a rebound.
13:57 of 1st period - Minor Penalty to Kevin Connauton for Holding Stick.
13:58 of 1st period - Brandon Dubinsky wins face-off versus Scott Laughton in SACRAMENTO BANDITS zone.
14:22 of 1st period - Icing by Jakob Chychrun.
14:23 of 1st period - Brandon Dubinsky wins face-off versus Aleksander Barkov in OAKLAND GORILLAS zone.
15:23 of 1st period - Shot by J.T. Compher.
15:23 of 1st period - Shot Misses the Net.
15:25 of 1st period - Shot by Milan Lucic.
15:25 of 1st period - Shot Misses the Net.
15:31 of 1st period - Shot by Wayne Simmonds.
15:31 of 1st period - Shot Blocked by Ivan Provorov.
16:36 of 1st period - Shot by Jakub Voracek.
16:36 of 1st period - Goal by Jakub Voracek - OAKLAND GORILLAS : 1 - SACRAMENTO BANDITS : 2.
16:37 of 1st period - Aleksander Barkov wins face-off versus Cedric Paquette in neutral zone.
16:40 of 1st period - Shot by Jamie Benn.
16:40 of 1st period - Shot Misses the Net.
16:42 of 1st period - Shot by Aaron Ekblad.
16:42 of 1st period - Shot Misses the Net.
16:44 of 1st period - Shot by Aleksander Barkov.
16:44 of 1st period - Shot Misses the Net.
16:49 of 1st period - Icing by Samuel Girard.
16:50 of 1st period - Aleksander Barkov wins face-off versus Cedric Paquette in OAKLAND GORILLAS zone.
17:11 of 1st period - Shot by Cedric Paquette.
17:11 of 1st period - Deflect By Jordan Greenway.
17:11 of 1st period - Stopped by Andrei Vasilevskiy without a rebound.
17:12 of 1st period - Brandon Dubinsky wins face-off versus Claude Giroux in SACRAMENTO BANDITS zone.
17:30 of 1st period - Off-side.
17:31 of 1st period - Aleksander Barkov wins face-off versus Patrik Laine in neutral zone.
17:47 of 1st period - Shot by Nico Hischier.
17:47 of 1st period - Shot Blocked by Ivan Provorov.
17:49 of 1st period - Shot by Nico Hischier.
17:49 of 1st period - Deflect By Patrik Laine.
17:49 of 1st period - Shot Misses the Net.
17:51 of 1st period - Shot by Jonas Brodin.
17:51 of 1st period - Shot Misses the Net.
18:12 of 1st period - Shot by Aleksander Barkov.
18:12 of 1st period - Shot Blocked by Jonas Brodin.
18:15 of 1st period - Icing by Ryan Dzingel.
18:16 of 1st period - Ryan Dzingel wins face-off versus Jordan Martinook in OAKLAND GORILLAS zone.
18:16 of 1st period - Ryan Dzingel is hit by Jordan Martinook.
18:24 of 1st period - Shot by Ryan Dzingel.
18:24 of 1st period - Stopped by Andrei Vasilevskiy with a rebound.
18:27 of 1st period - Icing by Mattias Ekholm.
18:28 of 1st period - Brandon Dubinsky wins face-off versus Jordan Martinook in SACRAMENTO BANDITS zone.
18:29 of 1st period - Shot by J.T. Compher.
18:29 of 1st period - Stopped by Andrei Vasilevskiy without a rebound.
18:30 of 1st period - Brandon Dubinsky wins face-off versus Claude Giroux in SACRAMENTO BANDITS zone.
18:31 of 1st period - Shot by Jimmy Vesey.
18:31 of 1st period - Stopped by Andrei Vasilevskiy without a rebound.
18:32 of 1st period - J.T. Compher wins face-off versus Claude Giroux in SACRAMENTO BANDITS zone.
18:49 of 1st period - Off-side.
18:50 of 1st period - Jordan Martinook wins face-off versus Patrik Laine in neutral zone.
19:01 of 1st period - Icing by Erik Gudbranson.
19:02 of 1st period - Claude Giroux wins face-off versus Patrik Laine in OAKLAND GORILLAS zone.
19:07 of 1st period - Shot by Claude Giroux.
19:07 of 1st period - Deflect By Jakub Voracek.
19:07 of 1st period - Stopped by Robin Lehner without a rebound.
19:08 of 1st period - Brandon Dubinsky wins face-off versus Jordan Martinook in OAKLAND GORILLAS zone.
19:08 of 1st period - Brandon Dubinsky is hit by Jujhar Khaira.
19:27 of 1st period - Minor Penalty to Mattias Ekholm for High sticking.
19:28 of 1st period - Wayne Simmonds wins face-off versus Scott Laughton in SACRAMENTO BANDITS zone.
19:45 of 1st period - Shot by J.T. Compher.
19:45 of 1st period - Shot Hit the Post.
Goals for this period are 1 for OAKLAND GORILLAS vs 2 for SACRAMENTO BANDITS.
Shots for this period are 13 for OAKLAND GORILLAS vs 5 for SACRAMENTO BANDITS.

2nd period


0:01 of 2nd period - Wayne Simmonds wins face-off versus Scott Laughton in neutral zone.
0:26 of 2nd period - Icing by Erik Gudbranson.
0:27 of 2nd period - Scott Laughton wins face-off versus Wayne Simmonds in OAKLAND GORILLAS zone.
0:31 of 2nd period - Icing by Samuel Girard.
0:32 of 2nd period - Scott Laughton wins face-off versus Wayne Simmonds in OAKLAND GORILLAS zone.
1:29 of 2nd period - Icing by Nico Hischier.
1:30 of 2nd period - Patrik Laine wins face-off versus Claude Giroux in OAKLAND GORILLAS zone.
3:19 of 2nd period - Icing by Mattias Ekholm.
3:20 of 2nd period - Noel Acciari wins face-off versus Aleksander Barkov in SACRAMENTO BANDITS zone.
3:51 of 2nd period - Shot by Noel Acciari.
3:51 of 2nd period - Stopped by Andrei Vasilevskiy without a rebound.
3:52 of 2nd period - Claude Giroux wins face-off versus Patrik Laine in SACRAMENTO BANDITS zone.
3:52 of 2nd period - Claude Giroux is hit by Patrik Laine.
3:57 of 2nd period - Jonathan Huberdeau is hit by Patrik Laine and loses puck.
4:04 of 2nd period - Nico Hischier is hit by Jonathan Huberdeau and loses puck.
4:09 of 2nd period - Shot by Jonathan Huberdeau.
4:09 of 2nd period - Shot Misses the Net.
4:15 of 2nd period - Shot by Jonathan Huberdeau.
4:15 of 2nd period - Shot Misses the Net.
4:23 of 2nd period - Ryan Dzingel is hit by Jakub Voracek and loses puck.
4:29 of 2nd period - Claude Giroux is hit by John Moore and loses puck.
4:48 of 2nd period - Shot by Jordan Martinook.
4:48 of 2nd period - Stopped by Robin Lehner with a rebound.
5:02 of 2nd period - Shot by Jordan Martinook.
5:02 of 2nd period - Shot Misses the Net.
5:49 of 2nd period - Shot by J.T. Compher.
5:49 of 2nd period - Stopped by Andrei Vasilevskiy without a rebound.
5:50 of 2nd period - Milan Lucic wins face-off versus Claude Giroux in SACRAMENTO BANDITS zone.
6:22 of 2nd period - Shot by Jonathan Huberdeau.
6:22 of 2nd period - Stopped by Robin Lehner without a rebound.
6:23 of 2nd period - Aleksander Barkov wins face-off versus Cedric Paquette in OAKLAND GORILLAS zone.
7:34 of 2nd period - Icing by Ivan Provorov.
7:35 of 2nd period - Claude Giroux wins face-off versus Brandon Dubinsky in SACRAMENTO BANDITS zone.
7:39 of 2nd period - Icing by John Carlson.
7:40 of 2nd period - Jakub Voracek wins face-off versus Brandon Dubinsky in SACRAMENTO BANDITS zone.
8:05 of 2nd period - Shot by Jakob Chychrun.
8:05 of 2nd period - Shot Blocked by Ivan Provorov.
8:58 of 2nd period - Icing by Jonas Brodin.
8:59 of 2nd period - Noel Acciari wins face-off versus Antoine Roussel in OAKLAND GORILLAS zone.
8:59 of 2nd period - Milan Lucic is hit by Drake Caggiula and loses puck.
9:08 of 2nd period - Shot by Wayne Simmonds.
9:08 of 2nd period - Stopped by Andrei Vasilevskiy without a rebound.
9:09 of 2nd period - Aleksander Barkov wins face-off versus Patrik Laine in SACRAMENTO BANDITS zone.
9:31 of 2nd period - Shot by Patrik Laine.
9:31 of 2nd period - Shot Misses the Net.
9:43 of 2nd period - Shot by Aleksander Barkov.
9:43 of 2nd period - Deflect By Jamie Benn.
9:43 of 2nd period - Shot Misses the Net.
9:47 of 2nd period - Shot by Aleksander Barkov.
9:47 of 2nd period - Stopped by Robin Lehner without a rebound.
9:48 of 2nd period - Scott Laughton wins face-off versus Noel Acciari in OAKLAND GORILLAS zone.
9:53 of 2nd period - Shot by Antoine Roussel.
9:53 of 2nd period - Shot Hit the Post.
10:06 of 2nd period - Shot by Antoine Roussel.
10:06 of 2nd period - Deflect By Drake Caggiula.
10:06 of 2nd period - Shot Misses the Net.
10:28 of 2nd period - Shot by Milan Lucic.
10:28 of 2nd period - Stopped by Andrei Vasilevskiy without a rebound.
10:29 of 2nd period - Brandon Dubinsky wins face-off versus Claude Giroux in SACRAMENTO BANDITS zone.
10:47 of 2nd period - Off-side.
10:48 of 2nd period - Patrik Laine wins face-off versus Jordan Martinook in neutral zone.
10:56 of 2nd period - Jordan Martinook is hit by Ryan Dzingel and loses puck.
12:00 of 2nd period - Jimmy Vesey is hit by Kevin Connauton and loses puck.
12:03 of 2nd period - Shot by J.T. Compher.
12:03 of 2nd period - Stopped by Andrei Vasilevskiy without a rebound.
12:04 of 2nd period - Claude Giroux wins face-off versus Noel Acciari in SACRAMENTO BANDITS zone.
12:11 of 2nd period - Shot by Claude Giroux.
12:11 of 2nd period - Shot Misses the Net.
12:16 of 2nd period - Off-side.
12:17 of 2nd period - Cedric Paquette wins face-off versus Aleksander Barkov in neutral zone.
12:32 of 2nd period - Shot by Aleksander Barkov.
12:32 of 2nd period - Deflect By Nikolaj Ehlers.
12:32 of 2nd period - Stopped by Robin Lehner without a rebound.
12:33 of 2nd period - Claude Giroux wins face-off versus Brandon Dubinsky in OAKLAND GORILLAS zone.
12:36 of 2nd period - Shot by Claude Giroux.
12:36 of 2nd period - Shot Blocked by J.T. Compher.
12:55 of 2nd period - Shot by Jonathan Huberdeau.
12:55 of 2nd period - Stopped by Robin Lehner without a rebound.
12:56 of 2nd period - Patrik Laine wins face-off versus Aleksander Barkov in OAKLAND GORILLAS zone.
13:03 of 2nd period - Shot by Nico Hischier.
13:03 of 2nd period - Stopped by Andrei Vasilevskiy without a rebound.
13:04 of 2nd period - Jonathan Huberdeau wins face-off versus Patrik Laine in SACRAMENTO BANDITS zone.
13:39 of 2nd period - Shot by Claude Giroux.
13:39 of 2nd period - Stopped by Robin Lehner without a rebound.
13:40 of 2nd period - Brandon Dubinsky wins face-off versus Aleksander Barkov in OAKLAND GORILLAS zone.
13:54 of 2nd period - Jonas Brodin is hit by Jamie Benn and loses puck.
14:02 of 2nd period - Icing by Jonas Brodin.
14:03 of 2nd period - Jimmy Vesey wins face-off versus Antoine Roussel in OAKLAND GORILLAS zone.
14:35 of 2nd period - Antoine Roussel is hit by Jonas Brodin and loses puck.
14:54 of 2nd period - Off-side.
14:55 of 2nd period - Noel Acciari wins face-off versus Jonathan Huberdeau in neutral zone.
17:12 of 2nd period - Shot by Clayton Keller.
17:12 of 2nd period - Shot Misses the Net.
17:43 of 2nd period - Icing by Noel Acciari.
17:44 of 2nd period - Claude Giroux wins face-off versus Milan Lucic in OAKLAND GORILLAS zone.
18:25 of 2nd period - Shot by Jakub Voracek.
18:25 of 2nd period - Shot Misses the Net.
19:08 of 2nd period - Shot by Jimmy Vesey.
19:08 of 2nd period - Stopped by Andrei Vasilevskiy without a rebound.
19:09 of 2nd period - Brandon Dubinsky wins face-off versus Jordan Martinook in SACRAMENTO BANDITS zone.
19:42 of 2nd period - John Carlson is hit by Brandon Dubinsky and loses puck.
19:46 of 2nd period - Icing by John Carlson.
19:47 of 2nd period - Jordan Martinook wins face-off versus Cedric Paquette in SACRAMENTO BANDITS zone.
19:47 of 2nd period - Jordan Martinook is hit by Cedric Paquette.
Goals for this period are 0 for OAKLAND GORILLAS vs 0 for SACRAMENTO BANDITS.
Shots for this period are 7 for OAKLAND GORILLAS vs 6 for SACRAMENTO BANDITS.

3rd period


0:01 of 3rd period - Claude Giroux wins face-off versus Patrik Laine in neutral zone.
1:03 of 3rd period - Minor Penalty to Mattias Ekholm for Tripping.
1:04 of 3rd period - Scott Laughton wins face-off versus Wayne Simmonds in SACRAMENTO BANDITS zone.
2:13 of 3rd period - Shot by Jakob Chychrun.
2:13 of 3rd period - Stopped by Andrei Vasilevskiy without a rebound.
2:14 of 3rd period - Brandon Dubinsky wins face-off versus Jordan Martinook in SACRAMENTO BANDITS zone.
2:23 of 3rd period - Shot by Jimmy Vesey.
2:23 of 3rd period - Shot Blocked by Aaron Ekblad.
2:25 of 3rd period - Shot by Jakob Chychrun.
2:25 of 3rd period - Shot Blocked by Ivan Provorov.
2:49 of 3rd period - Shot by Antoine Roussel.
2:49 of 3rd period - Stopped by Robin Lehner without a rebound.
2:50 of 3rd period - Aleksander Barkov wins face-off versus Wayne Simmonds in OAKLAND GORILLAS zone.
3:40 of 3rd period - Shot by Patrik Laine.
3:40 of 3rd period - Stopped by Andrei Vasilevskiy without a rebound.
3:41 of 3rd period - Cedric Paquette wins face-off versus Aleksander Barkov in SACRAMENTO BANDITS zone.
3:44 of 3rd period - Shot by Ryan Hartman.
3:44 of 3rd period - Shot Misses the Net.
3:47 of 3rd period - Minor Penalty to Cedric Paquette for Tripping.
3:48 of 3rd period - Jimmy Vesey wins face-off versus Aleksander Barkov in OAKLAND GORILLAS zone.
5:23 of 3rd period - Shot by John Carlson.
5:23 of 3rd period - Stopped by Robin Lehner with a rebound.
5:47 of 3rd period - Shot by Jimmy Vesey.
5:47 of 3rd period - Stopped by Andrei Vasilevskiy without a rebound.
5:48 of 3rd period - Nico Hischier wins face-off versus Clayton Keller in SACRAMENTO BANDITS zone.
5:57 of 3rd period - Shot by Ryan Dzingel.
5:57 of 3rd period - Stopped by Andrei Vasilevskiy with a rebound.
7:28 of 3rd period - Shot by Milan Lucic.
7:28 of 3rd period - Shot Misses the Net.
8:37 of 3rd period - Shot by Jordan Martinook.
8:37 of 3rd period - Shot Blocked by Erik Gudbranson.
8:43 of 3rd period - Shot by Clayton Keller.
8:43 of 3rd period - Stopped by Robin Lehner without a rebound.
8:44 of 3rd period - Scott Laughton wins face-off versus Cedric Paquette in OAKLAND GORILLAS zone.
8:44 of 3rd period - Scott Laughton is hit by Samuel Girard.
9:40 of 3rd period - Shot by Jordan Martinook.
9:40 of 3rd period - Shot Misses the Net.
9:48 of 3rd period - Shot by Clayton Keller.
9:48 of 3rd period - Stopped by Robin Lehner without a rebound.
9:49 of 3rd period - Aleksander Barkov wins face-off versus Patrik Laine in OAKLAND GORILLAS zone.
9:54 of 3rd period - Shot by Nikolaj Ehlers.
9:54 of 3rd period - Stopped by Robin Lehner without a rebound.
9:55 of 3rd period - Patrik Laine wins face-off versus Aleksander Barkov in OAKLAND GORILLAS zone.
10:02 of 3rd period - Shot by Ryan Dzingel.
10:02 of 3rd period - Shot Blocked by Aleksander Barkov.
10:23 of 3rd period - Nico Hischier is hit by Aaron Ekblad.
10:35 of 3rd period - Shot by Mattias Ekholm.
10:35 of 3rd period - Stopped by Robin Lehner without a rebound.
10:36 of 3rd period - Brandon Dubinsky wins face-off versus Claude Giroux in OAKLAND GORILLAS zone.
10:50 of 3rd period - Jimmy Vesey is hit by Ivan Provorov and loses puck.
10:55 of 3rd period - Shot by Jimmy Vesey.
10:55 of 3rd period - Shot Misses the Net.
10:57 of 3rd period - Shot by Brandon Dubinsky.
10:57 of 3rd period - Shot Blocked by Jakub Voracek.
10:59 of 3rd period - Shot by J.T. Compher.
10:59 of 3rd period - Stopped by Andrei Vasilevskiy without a rebound.
11:00 of 3rd period - Noel Acciari wins face-off versus Jordan Martinook in SACRAMENTO BANDITS zone.
12:22 of 3rd period - Icing by Ivan Provorov.
12:23 of 3rd period - Claude Giroux wins face-off versus Patrik Laine in SACRAMENTO BANDITS zone.
12:23 of 3rd period - Claude Giroux is hit by Ryan Dzingel.
12:29 of 3rd period - Shot by Ryan Dzingel.
12:29 of 3rd period - Stopped by Andrei Vasilevskiy without a rebound.
12:30 of 3rd period - Aleksander Barkov wins face-off versus Patrik Laine in SACRAMENTO BANDITS zone.
13:11 of 3rd period - Shot by Jamie Benn.
13:11 of 3rd period - Shot Misses the Net.
13:13 of 3rd period - Shot by Aleksander Barkov.
13:13 of 3rd period - Deflect By Jamie Benn.
13:13 of 3rd period - Shot Misses the Net.
13:44 of 3rd period - Jakub Voracek is hit by Nathan Beaulieu and loses puck.
14:18 of 3rd period - Icing by Jonas Brodin.
14:19 of 3rd period - Jordan Martinook wins face-off versus Patrik Laine in OAKLAND GORILLAS zone.
14:20 of 3rd period - Shot by Clayton Keller.
14:20 of 3rd period - Shot Misses the Net.
14:46 of 3rd period - Shot by Jordan Martinook.
14:46 of 3rd period - Stopped by Robin Lehner with a rebound.
14:48 of 3rd period - Shot by Jordan Martinook.
14:48 of 3rd period - Stopped by Robin Lehner without a rebound.
14:49 of 3rd period - Brandon Dubinsky wins face-off versus Aleksander Barkov in OAKLAND GORILLAS zone.
15:10 of 3rd period - Shot by J.T. Compher.
15:10 of 3rd period - Stopped by Andrei Vasilevskiy without a rebound.
15:11 of 3rd period - Claude Giroux wins face-off versus Noel Acciari in SACRAMENTO BANDITS zone.
15:33 of 3rd period - Milan Lucic is hit by John Carlson and loses puck.
15:59 of 3rd period - Icing by Noel Acciari.
16:00 of 3rd period - Noel Acciari wins face-off versus Aleksander Barkov in OAKLAND GORILLAS zone.
16:00 of 3rd period - Noel Acciari is hit by Aleksander Barkov.
16:01 of 3rd period - Minor Penalty to Jamie Benn for Hooking.
16:02 of 3rd period - Scott Laughton wins face-off versus Brandon Dubinsky in SACRAMENTO BANDITS zone.
19:00 of 3rd period - Jakob Chychrun is hit by Claude Giroux and loses puck.
19:07 of 3rd period - OAKLAND GORILLAS, Robin Lehner is pulled from the net.
19:53 of 3rd period - Shot by Nico Hischier.
19:53 of 3rd period - Shot Misses the Net.
19:59 of 3rd period - Shot by Nico Hischier.
19:59 of 3rd period - Stopped by Andrei Vasilevskiy without a rebound.
Goals for this period are 0 for OAKLAND GORILLAS vs 0 for SACRAMENTO BANDITS.
Shots for this period are 8 for OAKLAND GORILLAS vs 8 for SACRAMENTO BANDITS.


NATHAN
MACKINNON
PHILLIP
DANAULT
CONNOR
MCDAVID

EAST COAST

HOCKEY LEAGUE

  • 25.QUE4CHI5
  • 26.CHA2LIM3
  • 27.TRV2LON3
  • 28.CHW4BAL2
  • 29.PITMAN
  • 30.ATLNHW
  • 31.WORPET
  • 32.RHI